 Dungeon Crawl Stone Soup version 0.27.0-1-g7a089689b8 (webtiles) character file.

Game seed: 3749516122893263455

24 SkeletonJelly the Slasher (level 2, 0/26 HPs)
             Began as a Draconian Monk on Aug 18, 2021.
             Slain by a hobgoblin (2 damage)
             ... on level 2 of the Dungeon.
             The game lasted 00:01:40 (616 turns).

SkeletonJelly the Slasher (Draconian Monk)           Turns: 616, Time: 00:01:40

Health: 0/26       AC:  6    Str: 13    XL:     2   Next: 79%
Magic:  2/2        EV: 12    Int: 10    God:
Gold:   8          SH:  0    Dex: 13    Spells: 1/1 levels left

rFire    . . .     SeeInvis .   a - +0 falchion
rCold    . . .     Faith    .   (no shield)
rNeg     . . .     Spirit   .   (armour unavailable)
rPois    .         Reflect  .   (helmet restricted)
rElec    .         Harm     .   e - +0 cloak
rCorr    .         Rampage  .   d - +0 pair of gloves
Will     .....                  (no boots)
Stlth    ++........             (no amulet)
HPRegen  0.08/turn              (no ring)
MPRegen  0.08/turn              (no ring)

@: no status effects
A: AC +4, unfitting armour, cold-blooded
a: no special abilities


You were on level 2 of the Dungeon.
You visited 1 branch of the dungeon, and saw 2 of its levels.

You collected 8 gold pieces.

Inventory:

Hand Weapons
 a - a +0 falchion (weapon)
Armour
 d - a +0 pair of gloves (worn)
 e - a +0 cloak (worn)
Potions
 b - 3 potions of ambrosia {unknown}
 c - a potion of haste {unknown}


   Skills:
 - Level 3.2 Fighting
 + Level 4.1 Long Blades
 - Level 2.6 Dodging
 - Level 1.7 Stealth


You had one spell level left.
You didn't know any spells.
Your spell library was empty.

Dungeon Overview and Level Annotations

Branches:
Dungeon (2/15)

Altars:


Innate Abilities, Weirdness & Mutations

Your plain brown scales are hard. (AC +4)
You cannot fit into any form of body armour.
You are cold-blooded and may be slowed by cold attacks.


Message History

The frilled lizard closely misses you. The goblin hits you with a +0 dagger.
You hit the goblin.
The goblin is heavily wounded.
The frilled lizard bites you. The goblin closely misses you.
The hobgoblin barely misses you.
You closely miss the goblin.
You tail-slap the goblin, but do no damage.
The goblin is heavily wounded.
The frilled lizard barely misses you. The goblin completely misses you.
The hobgoblin closely misses you.
You riposte.
You hit the hobgoblin but do no damage. The frilled lizard barely misses you.
You riposte.
You hit the frilled lizard.
You kill the frilled lizard!
You hit the goblin.
You kill the goblin!
The hobgoblin closely misses you.
You barely miss the endoplasm. The endoplasm freezes you.
You are frozen.
You feel yourself slow down. The hobgoblin barely misses you.
The endoplasm barely misses you.
You barely miss the endoplasm.
You feel yourself speed up.
The hobgoblin hits you but does no damage.
The endoplasm jiggles.
The endoplasm freezes you.
You are frozen.
You feel yourself slow down. The hobgoblin completely misses you.
You completely miss the endoplasm. You tail-slap the endoplasm.
The endoplasm is moderately wounded.
The endoplasm freezes you.
You are frozen.
You feel as though you will be slow longer.
The hobgoblin hits you. The endoplasm closely misses you.
The hobgoblin hits you but does no damage.
You are too injured to fight recklessly!
You are too injured to fight recklessly!
You are too injured to fight recklessly!
You are too injured to fight recklessly!
You are too injured to fight recklessly!
You are too injured to fight recklessly!
You hit the endoplasm but do no damage. You tail-slap the endoplasm.
You kill the endoplasm!
The hobgoblin misses you.
You riposte.
You hit the hobgoblin but do no damage. The hobgoblin hits you.
The hobgoblin hits you but does no damage.
You hit the hobgoblin but do no damage.
Your tail-slap misses the hobgoblin.
The hobgoblin barely misses you.
You hit the hobgoblin.
The hobgoblin is moderately wounded.
The hobgoblin hits you but does no damage. x2
You hit the hobgoblin but do no damage.
The hobgoblin is moderately wounded.
The hobgoblin barely misses you.
You barely miss the hobgoblin.
The hobgoblin is moderately wounded.
The hobgoblin closely misses you.
The hobgoblin hits you but does no damage.
You barely miss the hobgoblin.
The hobgoblin is moderately wounded.
The hobgoblin hits you. The hobgoblin completely misses you.
You riposte.
You hit the hobgoblin but do no damage. You hit the hobgoblin.
The hobgoblin is moderately wounded.
You feel yourself speed up. The hobgoblin barely misses you.
You riposte.
You hit the hobgoblin but do no damage.
The hobgoblin is moderately wounded.
You hit the hobgoblin but do no damage.
The hobgoblin is moderately wounded.
The hobgoblin hits you.
You hit the hobgoblin but do no damage.
The hobgoblin is moderately wounded.
The hobgoblin barely misses you.
You riposte.
You barely miss the hobgoblin.
The hobgoblin is moderately wounded.
You barely miss the hobgoblin.
The hobgoblin is moderately wounded.
The hobgoblin hits you.
* * * LOW HITPOINT WARNING * * *
The hobgoblin closely misses you.
You barely miss the hobgoblin.
The hobgoblin is moderately wounded.
The hobgoblin hits you but does no damage.
You hit the hobgoblin but do no damage.
The hobgoblin is moderately wounded.
The hobgoblin hits you.
* * * LOW HITPOINT WARNING * * *
You hit the hobgoblin but do no damage.
The hobgoblin is moderately wounded.
The hobgoblin closely misses you.
You hit the hobgoblin but do no damage.
The hobgoblin is moderately wounded.
The hobgoblin hits you but does no damage.
You closely miss the hobgoblin.
The hobgoblin is moderately wounded.
The hobgoblin hits you.
* * * LOW HITPOINT WARNING * * *
You barely miss the hobgoblin.
The hobgoblin is moderately wounded.
The hobgoblin hits you.
You die...

### #............ #
#.##.##########...<.. #
#.##.#........#.....##
#
#.##.'........#......##
#
#.##.#........#.[......
#
#.##.#........#......#
#
##.##.#........#.....#
# #.....#.....)..#....#
# #..##.#.....@..'..# #
#..##.#.....g..#..# #
#..##.##########..# #
#..##.............#
#..####..#####....#
#...# #.## ###### #.#.#
#.# #...###.####
##..(......# #..


You could see a hobgoblin.

Vanquished Creatures
  A worm (D:2)
  A dart slug (D:1)
  2 ball pythons (D:1)
  2 endoplasms (D:2)
  A goblin (D:2)
  3 hobgoblins
  3 bats
  A frilled lizard (D:2)
  2 kobolds (D:1)
  2 rats
18 creatures vanquished.

Notes
Turn   | Place    | Note
-------+----------+-------------------------------------------
     0 | D:1      | SkeletonJelly the Draconian Monk began the quest for the
                  | Orb.
     0 | D:1      | Reached XP level 1. HP: 19/19 MP: 1/1
   157 | D:1      | Reached XP level 2. HP: 15/26 MP: 2/2
   320 | D:1      | You fall into a shaft and drop 1 floor!
   488 | D:2      | Reached skill level 4 in Long Blades
   616 | D:2      | Slain by a hobgoblin

Illustrated notes

Levels and vault maps discovered:
D:1:      minmay_arrival_stair_chambers, layout_basic, serial_shops,
          nicolae_shop_waterfront, dk_noncrumbling_4, grunt_decor_resistance
D:2:      layout_loops_ring, basic_altar, minivault_25, uniq_terence

Skill      XL: |  1  2 |
---------------+-------+-----
Long Blades    | 4 |  4.1
Fighting       | |  3.2
Dodging        | |  2.6
Stealth        | |  1.7

Action                   || total
-------------------------++-------
Melee: Falchion          ||    63
       Tailslap          ||     9
 Stab: Sleeping          ||     4
Armor: Skin              ||    18
Dodge: Dodged            ||    50
       Rpst.: Falchion   ||    18
